Unix xNetHack Version 7.1.0 - last build Jul 4 2022 02:09:00 (ec8469f2eb63cac24863ec985b09651f3a72bf9f). Game began 2022-07-16 06:14:29, ended 2022-07-16 06:17:48. Raisse, neutral female gnomish Wizard ---------------- |............<.-### |...G..f.......| ....:........^.+ |..............| ---.------------ Raisse the Evoker St:10 Dx:12 Co:16 In:19 Wi:8 Ch:9 Neutral Dlvl:3 $:13 HP:0(17) Pw:14(14) AC:8 Xp:2/37 T:938 Latest messages: Poes bites the sewer rat. The sewer rat is killed! You see here a copper statue of a newt. w - a granite ring {3}. You descend the stairs. You don't have anything to eat. You swap places with Poes. The jackal just misses! You hit the jackal. The jackal bites! You miss the jackal. The jackal bites! You gore the jackal. The jackal bites! You miss the jackal. The jackal bites! In what direction? h The spell hits the jackal! You kill the jackal! You see here a jackal corpse. There is a jackal corpse here; eat it? [ynq] (n) y This jackal corpse tastes okay. You no longer feel hungry. You finish eating the jackal corpse. You miss the lichen. You miss the lichen. You impale the lichen. You miss the lichen. You kill the lichen! x - a lichen corpse {20}. Poes suddenly falls asleep! A bear trap closes on your foot! Wizard is about to die. In what direction? h The spell hits the newt! You kill the newt! You are caught in a bear trap. You are caught in a bear trap. You are caught in a bear trap. You are caught in a bear trap. You are caught in a bear trap. You are caught in a bear trap. You are caught in a bear trap. You are caught in a bear trap. You are caught in a bear trap. You are caught in a bear trap. You are caught in a bear trap. The gecko bites! You die... Do you want your possessions identified? [ynq] (y) q Major events: Turn 1: Raisse the neutral female gnomish Wizard entered the dungeon 774: entered the Gnomish Mines 938: killed by a gecko Inventory: Inventory: 351/600 weight (19/52 slots) Coins $ - 13 gold pieces {1} Weapons a - an uncursed +0 orcish dagger (weapon in hand) {10} o - 24 uncursed +0 darts {24} s - a blessed +1 quarterstaff (alternate weapon; not wielded) {40} Armor v - an uncursed +0 orcish helm {30} C - an uncursed +0 cloak of magic resistance (being worn) {8} H - an uncursed +0 orcish helm (being worn) {23} Comestibles x - an uncursed lichen corpse {20} Scrolls k - an uncursed scroll of destroy armor {5} Spellbooks c - a blessed spellbook of force bolt {35} d - a blessed spellbook of magic missile {40} e - an uncursed spellbook of knock {35} f - an uncursed spellbook of remove curse {45} Potions l - an uncursed potion of healing {20} Rings h - an uncursed ring of regeneration {3} w - an uncursed +1 ring of protection {3} Tools b - an uncursed blindfold {2} i - an uncursed blindfold {2} q - an uncursed credit card {1} r - an uncursed towel {5} Raisse the Wizard's attributes: Background: You were an Evoker, a level 2 female gnomish Wizard. You were neutral, on a mission for Thoth who was opposed by Ptah (lawful) and Anhur (chaotic). You were bisexual. You were in the Dungeons of Doom, on level 3. You entered the dungeon 938 turns ago. You had 37 experience points, 3 more were needed to attain level 3. Basics: You had 0 out of 17 hit points. You had all 14 energy points (spell power). Your armor class was 8. Your wallet contained 13 zorkmids. Autopickup was on for '$!?/"=+' plus thrown, with exceptions. Final Characteristics: Your strength was 10 (limit:18/50). Your dexterity was 12 (base:13, limit:18). Your constitution was 16 (limit:18). Your intelligence was 19 (limit:19). Your wisdom was 8 (limit:18). Your charisma was 9 (limit:18). Final Status: You were trapped in a bear trap. You had a wounded right leg. You were not hungry. You were unencumbered. You were wielding a dagger. You were unskilled in dagger. Final Attributes: You were devoutly aligned. You were magic-protected. You had infravision. You were warded. You are dead. Miscellaneous: You never encountered a bones level. Total elapsed playing time was 3 minutes and 19 seconds. Vanquished creatures: a gnome zombie 2 geckos 2 jackals a fox a kobold 4 goblins 2 sewer rats 2 grid bugs 2 lichens a kobold zombie 7 newts 25 creatures vanquished. No species were genocided or became extinct. Voluntary challenges: You were illiterate. You never genocided any monsters. You never polymorphed an object. You never changed form. You never touched an artifact. You used no wishes. You never scared an enemy with impunity. You were celibate. You never generated conflict. Achievement: You entered the Gnomish Mines. The Dungeons of Doom: levels 1 to 3 Level 1: A fountain, a sink. Level 2: An altar to Thoth. Stairs down to The Gnomish Mines. Level 3: <- You were here. Final resting place for you, killed by a gecko. The Gnomish Mines: Level 3: Game over: __________ / \ / REST \ / IN \ / PEACE \ / \ | Raisse | | 13 Au | | killed by a | | gecko | | | | | | 2022 | *| * * * | * _________)/\\_//(\/(/\)/\//\/|_)_______ Goodbye Raisse the Wizard... You died in The Dungeons of Doom on dungeon level 3 with 260 points, and 13 pieces of gold, after 938 moves. You were level 2 with a maximum of 17 hit points when you died.